 Dungeon Crawl Stone Soup version 0.25.1-2-g60ff931df9 (webtiles) character file.

Game seed: 4907471430594441846

90549 Delamore the Warrior (level 16, -15/110 HPs)
             Began as a Gargoyle Fighter on Oct 27, 2020.
             Was the Champion of Okawaru.
             Demolished by a freezing wraith (20 damage)
             ... on level 14 of the Dungeon.
             The game lasted 00:33:29 (26347 turns).

Delamore the Warrior (Gargoyle Fighter)            Turns: 26347, Time: 00:33:29

Health: -15/110    AC: 40    Str: 25    XL:     16   Next: 0%
Magic:  7/19       EV:  7    Int: 11    God:    Okawaru [******]
Gold:   3664       SH: 15    Dex: 13    Spells: 15/15 levels left

rFire    + . .     SeeInvis .   L - +5 demon whip "Hunisoa" {venom, +Fly rF- rN+++ Str-2}
rCold    . . .     Gourm    .   G - +0 kite shield {AC+3}
rNeg     + + +     Faith    +   s - +2 plate armour {rF+}
rPois    ∞         Spirit   .   w - +0 helmet of Wenloh {rF+ Dex+4}
rElec    +         Reflect  .   O - scarf {repulsion}
rCorr    .         Harm     .   z - +0 pair of gloves
MR       ++...                  Q - +1 pair of boots {run}
Stlth    ..........             K - amulet of faith
HPRegen  0.28/turn              h - +4 ring of protection
MPRegen  0.16/turn              l - ring of stealth

@: berserk cooldown, slowed, repel missiles, very slow
A: big wings, clever 1, magic resistance 1, negative energy resistance 1,
electricity resistance, wild magic 1, unbreathing, petrification resistance, rot
immunity, AC +12
a: Fly, Heroism, Finesse, Renounce Religion, Evoke Flight


You were on level 14 of the Dungeon.
You worshipped Okawaru.
Okawaru was exalted by your worship.
You were not hungry.

You visited 4 branches of the dungeon, and saw 23 of its levels.
You also visited: Sewer and Gauntlet.

You collected 3790 gold pieces.
You spent 126 gold pieces at shops.

Inventory:

Hand Weapons
 L - the +5 demon whip "Hunisoa" (weapon) {venom, +Fly rF- rN+++ Str-2}
   (Okawaru gifted it to you on level 14 of the Dungeon)

   It poisons the flesh of those it strikes.
   It affects your strength (-2).
   It makes you vulnerable to fire.
   It renders you almost immune to negative energy.
   It lets you fly.
Missiles
 p - 3 javelins
 S - 30 silver javelins (quivered)
Armour
 s - a +2 plate armour of fire resistance (worn)
 w - the +0 helmet of Wenloh (worn) {rF+ Dex+4}
   (You acquired it on level 4 of the Lair of Beasts)

   It affects your dexterity (+4).
   It protects you from fire.
 z - a +0 pair of gloves (worn)
 G - a +0 kite shield of protection (worn)
 O - a scarf of repulsion (worn)
 Q - a +1 pair of boots of running (worn)
Jewellery
 h - a +4 ring of protection (left hand)
 l - a ring of stealth (right hand)
 H - an uncursed ring of see invisible
 K - an amulet of faith (around neck)
Wands
 c - a wand of polymorph (22)
 o - a wand of paralysis (38)
 r - a wand of enslavement (17)
 y - a wand of flame (20)
 E - a wand of random effects (23)
 M - a wand of acid (15)
 N - a wand of digging (13)
 R - a wand of iceblast (16)
Scrolls
 i - 11 scrolls of remove curse
 j - 3 scrolls of magic mapping
 k - 4 scrolls of amnesia
 m - 5 scrolls of fog
 n - 6 scrolls of fear
 t - a scroll of blinking
 v - 9 scrolls of teleportation
 x - 2 scrolls of holy word
 D - 2 scrolls of vulnerability
 I - 4 scrolls of identify
 J - 5 scrolls of enchant weapon
 T - a scroll of brand weapon
 V - 2 scrolls of enchant armour
Potions
 b - 2 potions of flight {unknown}
 d - 2 potions of might
 e - 3 potions of heal wounds
 g - 4 potions of berserk rage
 q - 7 potions of curing
 u - 2 potions of cancellation
 A - 3 potions of lignification {unknown}
 P - a potion of mutation
 W - a potion of ambrosia {unknown}
 X - 2 potions of degeneration {unknown}
 Z - a potion of invisibility {unknown}
Miscellaneous
 F - a phantom mirror
Comestibles
 f - 50 rations
 C - 4 chunks of flesh


   Skills:
 + Level 16.2 Fighting
 + Level 14.1 Maces & Flails
 - Level 10.0 Armour
 + Level 16.2 Shields
 - Level 5.0 Invocations
 - Level 5.0 Evocations


You had 15 spell levels left.
You didn't know any spells.
Your spell library contained the following spells:

 Spells                   Type           Power        Failure   Level  Hunger
 Infusion                 Chrm           #...         99%         1    ##.....
 Magic Dart               Conj           #...         99%         1    ##.....
 Sting                    Tmut/Pois      #...         99%         1    ##.....
 Blink                    Tloc           N/A          100%        2    ###....
 Call Imp                 Summ           #.......     100%        2    ###....
 Corpse Rot               Necr/Air       N/A          100%        2    ###....
 Poisonous Vapours        Pois/Air       #.....       100%        2    ###....
 Shroud of Golubria       Chrm/Tloc      #.....       100%        2    ###....
 Slow                     Hex            #.......     100%        2    ###....
 Song of Slaying          Chrm           #.......     100%        2    ###....
 Swiftness                Chrm/Air       #.......     100%        2    ###....
 Conjure Flame            Conj/Fire      #.......     100%        3    ####...
 Dazzling Flash           Conj/Hex       #.....       100%        3    ####...
 Ignite Poison            Fire/Tmut/Pois #.......     100%        3    ####...
 Inner Flame              Hex/Fire       #.......     100%        3    ####...
 Mephitic Cloud           Conj/Pois/Air  #.......     100%        3    ####...
 Ozocubu's Armour         Chrm/Ice       #.......     100%        3    ####...
 Spectral Weapon          Hex/Chrm       #.......     100%        3    ####...
 Static Discharge         Conj/Air       #.......     100%        3    ####...
 Teleport Other           Tloc           #.......     100%        3    ####...
 Fireball                 Conj/Fire      #.........   100%        5    ######.
 Metabolic Englaciation   Hex/Ice        #.........   100%        5    ######.
 Starburst                Conj/Fire      #.........   100%        6    #######
 Ring of Flames           Chrm/Fire      #.........   100%        7    #######
 Chain Lightning          Conj/Air       #.........   100%        8    #######
 Ignition                 Fire           #.........   100%        8    #######
 Lehudib's Crystal Spear  Conj/Erth      #.........   100%        8    #######
 Absolute Zero            Ice            #.........   100%        9    #######
 Fire Storm               Conj/Fire      #.........   100%        9    #######


Dungeon Overview and Level Annotations

Branches:
Dungeon (14/15)            Temple (1/1) D:5            Lair (6/6) D:10
 Shoals (0/4) Lair:3       Spider (0/4) Lair:4        Slime (0/5) Lair:6
    Orc (2/2) D:9             Elf (0/3) Orc:2        Vaults (0/5) D:13
  Sewer (visited)         Gauntlet (visited)

Altars:
Ashenzari
Cheibriados
Dithmenos
Elyvilon
Fedhas
Gozag
Hepliaklqana
Kikubaaqudgha
Makhleb
Nemelex Xobeh
Okawaru
Qazlal
Ru
Sif Muna
Trog
Uskayaw
Vehumet
Wu Jian
Xom
Yredelemnul
Zin
The Shining One
Beogh

Shops:
D:5 (   D:6 ?   D:9 [   D:10 %   Orc:2 %[*!

Annotations:
Lair:4 exclusion: oklob plant


Innate Abilities, Weirdness & Mutations

You are resistant to torment.
Your stone body is resilient. (AC +12)
You are immune to poison.
Your large and strong wings let you fly indefinitely.
You resist negative energy. (rN+)
You are resistant to electric shocks. (rElec)
You can survive without breathing.
You are immune to petrification.
You are immune to rotting.
Your mind is acute. (Int +2)
You are resistant to hostile enchantments. (MR+)
Your spells are a little harder to cast, but a little more powerful.


Message History

Reactivating autopickup.
You feel a bit more experienced.
You thrash the freezing wraith!!
The freezing wraith is severely damaged.
You block the freezing wraith's attack. x2
You hit the freezing wraith.
The freezing wraith is severely damaged.
The freezing wraith hits you.
* * * LOW HITPOINT WARNING * * *
The freezing wraith freezes you!!
* * * LOW HITPOINT WARNING * * *
The freezing wraith hits you but does no damage.
You hit the freezing wraith.
The freezing wraith is severely damaged.
You feel better.
The freezing wraith hits you but does no damage.
You block the freezing wraith's attack. The freezing wraith hits you!
* * * LOW HITPOINT WARNING * * *
The freezing wraith freezes you!!
You die...

### ##...# ###.# #######
#######'### ##'##### ......#
###...#.....# #....... ......#
#.'.###.#.########..(....
......###.#.#.>.#)#.+....'.......
.....[##..#.#.###.#.######.......
......##.##.....#)).# #.......
.........########)### #...(...
......#### #@W# #....).. ......#
#.## ######'# ####### #.#
##......# ..# #########.##
#..###### #.## #...^......#
##'####### ...# ...........#
#.......[. ...# #$..###'''###
#.......^. ...# #. ##.......#
###......... ...# .
##.........##.'.<.......


You could see a freezing wraith.

Vanquished Creatures
  Rupert (D:14)
  Kirke (D:12)
  A cacodemon (Gauntlet)
  An orc warlord (Orc:1)
  A minotaur (Gauntlet)
  An ettin (Orc:2)
  4 vault guards (D:13)
  5 hydras
  3 catoblepae (Lair:6)
  Erolcha (Orc:1)
  2 centaur warriors
  2 two-headed ogres
  9 death yaks
  3 orc high priests (Orc:2)
  A skeletal warrior (D:13)
  A flayed ghost (D:8)
  4 deep elf magi
  9 orc knights
  5 orc sorcerers (Orc:2)
  3 ugly things
  5 manticores
  2 cyclopes
  An elephant (D:10)
  A moth of wrath (Gauntlet)
  Psyche (D:10)
  6 black mambas
  3 gargoyles
  8 spiny frogs
  2 rime drakes
  2 minotaur zombies (Gauntlet)
  5 komodo dragons
  A tengu conjurer (D:13)
  8 trolls
  A jumping spider (Lair:4)
  2 polar bears
  4 hornets
  25 dream sheep
  6 slime creatures
  20 blink frogs
  11 hippogriffs
  Sigmund (D:4)
  A spriggan (Lair:2)
  2 wyverns
  55 yaks
  2 shadows
  A human (D:9)
  4 hungry ghosts
  3 basilisks
  A steam dragon (Lair:3)
  A vampire mosquito (D:13)
  A soldier ant (D:12)
  2 wargs
  11 porcupines
  8 water moccasins
  Purgy (Sewer)
  32 orc warriors
  13 ice beasts
  8 sky beasts
  7 phantoms
  10 ogres
  3 black bears
  2 eyes of draining
  17 wolves
  6 centaurs
  12 crocodiles
  5 big kobolds
  A gnoll sergeant (D:10)
  2 wyvern zombies
  27 bullfrogs
  5 scorpions
  A wyvern skeleton (D:11)
  6 killer bees
  2 electric eels (Lair:1)
  11 howler monkeys
  7 crimson imps
  9 hounds
  2 quasits
  3 bullfrog zombies
  2 centaur zombies
  8 jellies
  24 orc priests
  A centaur skeleton (D:7)
  20 orc wizards
  3 bullfrog skeletons
  4 iguanas
  13 worker ants
  A killer bee zombie (D:10)
  A hound zombie (D:8)
  A hound skeleton (D:4)
  A howler monkey zombie (D:7)
  A worker ant zombie (D:6)
  7 gnolls
  16 adders
  3 river rats
  5 shadow imps
  An ooze (D:7)
  An adder skeleton (D:9)
  3 worms (D:3)
  3 dart slugs
  7 leopard geckos
  76 orcs
  12 giant cockroaches
  3 goblins
  3 hobgoblins
  5 jackals
  5 quokkas
  A ball python skeleton (D:5)
  12 bats
  6 frilled lizards
  24 kobolds
  A leopard gecko skeleton (D:4)
  A quokka skeleton (D:7)
  6 rats
  A plant (D:11)
739 creatures vanquished.

Vanquished Creatures (others)
  A shadow (D:13)
  An orc priest (Orc:2)
  An orc wizard (D:14)
  2 fungi (Lair:4)
  5 plants
10 creatures vanquished.

Grand Total: 749 creatures vanquished

Notes
Turn   | Place    | Note
-------+----------+-------------------------------------------
     0 | D:1      | Delamore the Gargoyle Fighter began the quest for the Orb.
     0 | D:1      | Reached XP level 1. HP: 14/14 MP: 1/1
   411 | D:1      | Reached XP level 2. HP: 19/19 MP: 2/2
   943 | D:2      | Reached XP level 3. HP: 24/24 MP: 3/3
  1797 | D:3      | Reached XP level 4. HP: 20/29 MP: 4/4
  2181 | D:3      | Reached XP level 5. HP: 28/34 MP: 5/5
  2677 | D:4      | Found a glowing drain.
  2786 | Sewer    | Entered a sewer
  2969 | Sewer    | Noticed Purgy
  2981 | Sewer    | Killed Purgy
  2981 | Sewer    | Reached skill level 5 in Fighting
  2981 | Sewer    | Reached skill level 5 in Shields
  2981 | Sewer    | Reached XP level 6. HP: 40/40 MP: 6/6
  3174 | D:5      | Entered Level 5 of the Dungeon
  3421 | D:5      | Found Neadekk's Antique Weapon Emporium.
  3499 | D:5      | Noticed an ice beast
  3506 | D:5      | Killed an ice beast
  3506 | D:5      | Reached skill level 5 in Maces & Flails
  3640 | D:4      | Reached XP level 7. HP: 44/44 MP: 7/7
  3742 | D:4      | Noticed Sigmund
  3750 | D:4      | Killed Sigmund
  4297 | D:4      | Reached XP level 8. HP: 23/49 MP: 8/8
  5006 | D:5      | Found a staircase to the Ecumenical Temple.
  5577 | D:6      | Found an ancient bone altar of Kikubaaqudgha.
  5987 | D:6      | Reached skill level 10 in Maces & Flails
  6070 | D:6      | Found With's Magic Scroll Emporium.
  6078 | D:6      | Bought a scroll of identify for 28 gold pieces
  6078 | D:6      | Bought a scroll of identify for 28 gold pieces
  6156 | D:6      | Reached XP level 9. HP: 20/54 MP: 9/9
  6524 | D:6      | Got a dazzling mace
  6525 | D:6      | Identified the +10 mace of the Desert {freeze, *Rage rC++
                  | SInv Stlth+} (You found it on level 6 of the Dungeon)
  6849 | D:6      | Found a stormy altar of Qazlal.
  6943 | Temple   | Entered the Ecumenical Temple
  7150 | Temple   | Became a worshipper of Warmaster Okawaru
  7339 | D:7      | Reached * piety under Okawaru
  7563 | D:7      | Found a hide-covered altar of Uskayaw.
  7656 | D:7      | Noticed a troll
  7657 | D:7      | Reached ** piety under Okawaru
  7670 | D:7      | Killed a troll
  7670 | D:7      | Reached XP level 10. HP: 35/59 MP: 10/10
  7701 | D:7      | Identified the Compendium of Venom and Malediction
  8383 | D:7      | Found a basalt altar of Yredelemnul.
  8782 | D:8      | Found a burning altar of Makhleb.
  8802 | D:8      | Found an ornate altar of the Wu Jian Council.
  8889 | D:8      | Found a shimmering altar of Xom.
  8890 | D:8      | Found a shimmering altar of Xom.
  8890 | D:8      | Found a shimmering altar of Xom.
  8890 | D:8      | Found a shimmering altar of Xom.
  8901 | D:8      | Reached *** piety under Okawaru
  8941 | D:8      | Found a shimmering altar of Xom.
  8943 | D:8      | Found a shimmering altar of Xom.
  8943 | D:8      | Found a shimmering altar of Xom.
  9058 | D:8      | Found a stormy altar of Qazlal.
  9629 | D:8      | Reached **** piety under Okawaru
  9675 | D:8      | Noticed a cyclops
  9680 | D:8      | Killed a cyclops
  9771 | D:8      | Noticed a flayed ghost
  9777 | D:8      | Killed a flayed ghost
  9777 | D:8      | Reached XP level 11. HP: 63/63 MP: 11/11
 10029 | D:9      | Found Imywyes's Armour Shoppe.
 10050 | D:9      | Reached ***** piety under Okawaru
 10194 | D:9      | Reached skill level 10 in Shields
 10231 | D:9      | Received a gift from Okawaru
 10238 | D:9      | HP: 2/63 [orc warrior/+0 trident (6)]
 10557 | D:9      | Found a staircase to the Orcish Mines.
 10940 | D:10     | Entered Level 10 of the Dungeon
 10957 | D:10     | Found Kuijiff's Food Boutique.
 11093 | D:10     | Noticed Psyche
 11103 | D:10     | Killed Psyche
 11484 | D:10     | Found a staircase to the Lair.
 11484 | D:10     | Noticed a death yak
 11501 | D:10     | Killed a death yak
 11837 | Lair:1   | Entered Level 1 of the Lair of Beasts
 11907 | Lair:1   | Reached XP level 12. HP: 52/68 MP: 12/12
 11916 | Lair:1   | Found a gate leading to a gauntlet.
 11927 | Gauntlet | Entered a Gauntlet
 11927 | Gauntlet | Found a transporter.
 11927 | Gauntlet | Found a transporter.
 11931 | Gauntlet | Found a transporter.
 11932 | Gauntlet | Found a transporter.
 11935 | Gauntlet | Found a transporter.
 11935 | Gauntlet | Found a transporter.
 11969 | Gauntlet | Found a transporter.
 11973 | Gauntlet | Found a transporter.
 11982 | Gauntlet | Found a runed translucent gate.
 11982 | Gauntlet | Found a runed translucent gate.
 11982 | Gauntlet | Found a runed translucent gate.
 11987 | Gauntlet | Found a transporter.
 11987 | Gauntlet | Noticed a thrashing horror
 12001 | Gauntlet | Noticed a cacodemon
 12004 | Gauntlet | Found a transporter.
 12019 | Gauntlet | Found a transporter.
 12023 | Gauntlet | Found a transporter.
 12029 | Gauntlet | Noticed a catoblepas
 12099 | Gauntlet | Identified a +1 pair of boots of running (You found it in a
                  | Gauntlet)
 12352 | Gauntlet | Got a steaming platinum ring
 12352 | Gauntlet | Gained mutation: You tend to lose your temper in combat. [a
                  | cacodemon]
 12372 | Gauntlet | Killed a cacodemon
 12541 | Gauntlet | Noticed a minotaur
 12551 | Gauntlet | Killed a minotaur
 12551 | Gauntlet | Received a gift from Okawaru
 12792 | Gauntlet | Identified the ring "Xemage Xuroi" {Fire +Inv +Fly rElec
                  | Dex+3} (You found it in a Gauntlet)
 12801 | Lair:1   | Noticed a seven-headed hydra
 12808 | Lair:1   | Killed a seven-headed hydra
 12950 | Lair:1   | You fall into a shaft and drop 1 floor!
 12973 | Lair:2   | Reached skill level 15 in Shields
 13352 | Lair:1   | Found an opulent altar of Gozag.
 13377 | Lair:1   | Reached ****** piety under Okawaru
 13377 | Lair:1   | Received a gift from Okawaru
 13402 | Lair:1   | Noticed a five-headed hydra
 13408 | Lair:1   | Killed a five-headed hydra
 14174 | Lair:2   | Reached XP level 13. HP: 80/80 MP: 13/13
 14547 | Lair:2   | Reached skill level 10 in Fighting
 15432 | Lair:3   | Received a gift from Okawaru
 15433 | Lair:3   | Got a crude hat {god gift}
 15439 | Lair:3   | Identified the +0 hat of Dosmelae {SInv} (Okawaru gifted it
                  | to you on level 3 of the Lair of Beasts)
 15539 | Lair:3   | Found a staircase to the Shoals.
 17187 | Lair:4   | Found a hole to the Spider Nest.
 17267 | Lair:4   | Identified 2 scrolls of acquirement
 17268 | Lair:4   | Acquired the +0 helmet of Wenloh {rF+ Dex+4}
 17269 | Lair:4   | Acquired 1000 gold pieces
 17923 | Lair:5   | Received a gift from Okawaru
 18104 | Lair:5   | Gained mutation: Your large and strong wings let you fly
                  | indefinitely. [Gargoyle growth]
 18104 | Lair:5   | Reached XP level 14. HP: 96/96 MP: 14/14
 18705 | Lair:6   | Entered Level 6 of the Lair of Beasts
 18768 | Lair:6   | Found a staircase to the Slime Pits.
 18936 | Lair:6   | Reached skill level 15 in Fighting
 18994 | Lair:6   | Received a gift from Okawaru
 18994 | Lair:6   | Reached skill level 1 in Invocations
 18994 | Lair:6   | Reached skill level 1 in Evocations
 19310 | Lair:6   | Reached skill level 5 in Armour
 19648 | Lair:6   | Identified the Guide on Quantum Weightlessness
 20221 | Orc:1    | Entered Level 1 of the Orcish Mines
 20266 | Orc:1    | Noticed Erolcha
 20278 | Orc:1    | Killed Erolcha
 20686 | Orc:1    | Found a roughly hewn altar of Beogh.
 20686 | Orc:1    | Noticed an orc warlord
 20688 | Orc:1    | Received a gift from Okawaru
 20688 | Orc:1    | Killed an orc warlord
 20688 | Orc:1    | Reached skill level 5 in Invocations
 20801 | Orc:1    | Got a scorched ring mail {god gift}
 20812 | Orc:1    | Identified the +0 ring mail of the Endless Expanse {MR+}
                  | (Okawaru gifted it to you on level 1 of the Orcish Mines)
 20975 | Orc:2    | Entered Level 2 of the Orcish Mines
 21135 | Orc:2    | Found a staircase to the Elven Halls.
 21183 | Orc:2    | Reached skill level 5 in Evocations
 21442 | Orc:2    | Paralysed by an orc sorcerer for 4 turns
 21499 | Orc:2    | Found Gufoas's Distillery.
 21527 | Orc:2    | Reached XP level 15. HP: 85/103 MP: 18/18
 21548 | Orc:2    | HP: 5/103 [orc warrior/+1 dire flail of protection (11)]
 21574 | Orc:2    | Paralysed by an orc sorcerer for 3 turns
 22074 | Orc:2    | Received a gift from Okawaru
 22249 | Orc:2    | Found Qizuxel's Food Emporium.
 22250 | Orc:2    | Found Irhaat's General Store.
 22250 | Orc:2    | Found Seniev's Antique Armour Shop.
 22280 | Orc:2    | Bought a potion of heal wounds for 70 gold pieces
 22582 | D:11     | Reached skill level 10 in Armour
 23726 | D:12     | Received a gift from Okawaru
 23732 | D:12     | Noticed Kirke
 23744 | D:12     | Killed Kirke
 24758 | D:13     | Received a gift from Okawaru
 25044 | D:13     | Found a gate to the Vaults.
 25840 | D:14     | Received a gift from Okawaru
 25843 | D:14     | Got a steaming demon whip {god gift}
 25844 | D:14     | Identified the +5 demon whip "Hunisoa" {venom, +Fly rF-
                  | rN+++ Str-2} (Okawaru gifted it to you on level 14 of the
                  | Dungeon)
 25845 | D:14     | Lost mutation: You tend to lose your temper in combat.
                  | [potion of mutation]
 25845 | D:14     | Gained mutation: Scrolls take you a little longer to read.
                  | [potion of mutation]
 25845 | D:14     | Gained mutation: Scrolls take you longer to read. [potion
                  | of mutation]
 25845 | D:14     | Gained mutation: Your mind is acute. (Int +2) [potion of
                  | mutation]
 25846 | D:14     | Lost mutation: Scrolls take you longer to read. [potion of
                  | mutation]
 25846 | D:14     | Lost mutation: Scrolls take you a little longer to read.
                  | [potion of mutation]
 25846 | D:14     | Gained mutation: Your spells are a little harder to cast,
                  | but a little more powerful. [potion of mutation]
 25846 | D:14     | Gained mutation: You are resistant to hostile enchantments.
                  | (MR+) [potion of mutation]
 26258 | D:14     | Noticed Rupert
 26309 | D:14     | Killed Rupert
 26315 | D:14     | Reached XP level 16. HP: 55/110 MP: 15/19
 26345 | D:14     | HP: 3/110 [freezing wraith (23)]
 26347 | D:14     | Demolished by a freezing wraith

Illustrated notes

Levels and vault maps discovered:
D:1:      minmay_arrival_loop, layout_basic, minmay_tromino_i2
D:2:      layout_basic, first_ration
D:3:      layout_loops_corners
D:4:      layout_gridville, gup_sewer_entry_bubbles, uniq_sigmund
D:5:      layout_gridville, minmay_temple_entry_from_below_a, serial_glass,
          glass_columns_a, glass_columns_a, glass_columns_a, glass_columns_a,
          glass_columns_b, glass_columns_b, feat_on_display, serial_shops,
          kennysheep_little_box
D:6:      layout_gridville, old_standard_altar, grunt_qazlal_sundering,
          serial_shops, nicolae_shop_crystal, minivault_26,
          minmay_misc_feat_rows
D:7:      minmay_the_grid_octo_triangle [minmay_the_grid_octo_teeth,
          minmay_the_grid_octo_prize_star, minmay_the_grid_octo_focus],
          layout_layer_cave, kennysheep_mini, yredelemnul_altar_generic,
          grunt_ogre_cave
D:8:      layout_loops_ring, lemuel_round_altar, lemuel_crystal_altar,
          xom_redecorated, basic_altar, minmay_evil_grid
D:9:      layout_roguey, erik_orc_4, serial_shops,
          nicolae_shop_competitors_out_of_business
D:10:     layout_roguey, david_lair_generic, serial_shops, shop, uniq_psyche
D:11:     layout_irregular_city, pond
D:12:     lemuel_ice_spiral_2, layout_basic, uniq_kirke
D:13:     layout_rooms, lightli_vaults_fourway_checkpoint,
          kennysheep_small_circle
D:14:     layout_roguey, kennysheep_cluttered_room, uniq_rupert
Temple:   regret_index_temple_generic_petals
Lair:1:   layout_long_grid, gauntlet_entry_generic, basic_altar, st_stairs_7,
          dpeg_stationary_puzzle, infiniplex_staircase_pool, grunt_megastairs_4
Lair:2:   layout_hall_layers, grunt_forest_stairs_clearing
Lair:3:   layout_gridlike, elwin_shoals_entry_rocks, minivault_27, minivault_11,
          grunt_megastairs_2
Lair:4:   layout_regular_city, spider_nest_entry_rubble, minmay_hedge_maze,
          lemuel_fruit_tree
Lair:5:   layout_cave_shapes
Lair:6:   evilmike_catoblepas_cave, layout_regular_city,
          minmay_slime_entry_pillars, serial_bayou_shore_b
Orc:1:    layout_diamond_mine, special_room [special_room_orc],
          nicolae_orc_sculptors_studio, nicolae_orc_stony_grotto, uniq_erolcha
Orc:2:    st_orc_elflike, layout_caves

Skill      XL: |  1  2  3  4  5  6  7  8  9 10 11 12 13 14 15 |
---------------+----------------------------------------------+-----
Fighting       | 4 5 9 14 15 16 | 16.2
Shields        | 4 5 8 12 15 16 | 16.2
Maces & Flails | 3 4 5 7 10 12 14 | 14.1
Invocations    | 5 |  5.0
Evocations     | 5 |  5.0
Armour         | 7 10 | 10.0

Action                   |  1- 3 |  4- 6 |  7- 9 | 10-12 | 13-15 | 16-18 || total
-------------------------+-------+-------+-------+-------+-------+-------++-------
Melee: Flail             |   120 |   257 |   236 |       |   284 |       ||   897
       Mace              |       |       |   112 |   701 |  1064 |       ||  1877
       Demon whip        |       |       |       |       |   103 |    22 ||   125
Throw: Javelin           |       |       |       |     7 |     9 |       ||    16
Invok: Finesse           |       |       |       |     2 |     3 |       ||     5
       Heroism           |       |       |       |     1 |       |       ||     1
Evoke: Wand              |       |     1 |     1 |       |     3 |       ||     5
  Use: Scroll            |       |     4 |     7 |     7 |    11 |       ||    29
       Potion            |       |       |       |       |     5 |     3 ||     8
 Stab: Paralysed         |       |     6 |     4 |       |       |       ||    10
       Petrified         |       |       |       |       |     2 |       ||     2
  Eat: Chunk             |     3 |     6 |    13 |    23 |    32 |       ||    77
       Ration            |       |       |       |       |     3 |       ||     3
Armor: Scale mail        |    83 |   179 |    88 |       |       |       ||   350
       Plate armour      |       |       |   115 |    10 |   440 |    36 ||   601
       Chain mail        |       |       |       |   364 |   322 |       ||   686
Dodge: Dodged            |    48 |    96 |    74 |   205 |   309 |     7 ||   739
       Repelled          |       |       |       |     4 |    10 |     1 ||    15
Block: Kite shield       |    82 |   187 |   186 |     5 |   866 |    18 ||  1344
       Buckler           |       |       |       |   189 |    17 |       ||   206
       Reflection        |       |       |       |     4 |       |       ||     4
